Demolitions vs Spitfire
(R1)
Created - 19 décembre 2012 at 18:58
Goals
|
| Demolitions |
1 |
0 |
0 |
1 |
| Spitfire |
0 |
1 |
2 |
3 |
|
Shots
|
| Demolitions |
14 |
10 |
12 |
36 |
| Spitfire |
9 |
7 |
14 |
30 |
|
1st period
1. Demolitions , Nikolai Zherdev 1 (Chris Campoli, Janne Niskala) at 16:55
Penalties :
Vladimir Mihalik (Vic) for High sticking (Minor) at 1:59
2nd period
2. Spitfire , Martin Samuelsson 9 (Eric Fehr, Derick Brassard) at 19:16 (PP)
Penalties :
Sergei Kostitsyn (Val) for High sticking (Minor) at 0:34, Keith Yandle (Val) for Hooking (Minor) at 10:21, Martin Samuelsson (Val) for Tripping (Minor) at 14:22, Vladimir Mihalik (Vic) for Tripping (Minor) at 19:12
3rd period
3. Spitfire , Shean Donovan 10 (Keaton Ellerby, Kris Beech) at 5:40
4. Spitfire , Martin Samuelsson 10 (Eric Fehr, Dick Tarnstrom) at 5:50
Penalties :
David Krejci (Val) for Holding (Minor) at 0:33, Ryan Craig (Vic) for Cross-checking (Minor) at 0:33, Marc-Antoine Pouliot (Val) for Hooking (Minor) at 6:58, Nicolas Blanchard (Vic) for Holding (Minor) at 15:16, Mathieu Roy (Val) for Hooking (Minor) at 17:32
Goalie Stats
Antero Niittymaki (Vic), 27 saves from 30 shots - (0,900), L, 2-3-2, 60:00 minutes
Marc Denis (Val), 35 saves from 36 shots - (0,972), W, 9-5-0, 60:00 minutes
Players Stats for Demolitions
Player Name G A P +/- PIM S H SB GA TA FO MP PP MP PK MP
------------------------------------------------------------------------------------
Adam Burish 0 0 0 0 0 9 1 1 0 2 1/5 24:28 5:04 1:51
Andy Rogers 0 0 0 0 0 0 0 3 0 2 0/0 19:54 4:46 2:05
Anssi Salmela 0 0 0 0 0 0 0 1 0 0 0/0 4:41 0:00 0:00
Anthony Stewart 0 0 0 -1 0 1 2 0 0 0 1/2 10:39 0:13 0:00
Anton Babchuk 0 0 0 -1 0 0 0 3 0 0 0/0 8:30 0:00 0:00
Brad Richardson 0 0 0 0 0 4 1 0 2 0 15/29 21:28 5:12 1:31
Brandon Bochenski 0 0 0 0 0 3 1 0 0 1 0/0 11:36 0:11 0:00
Chris Campoli 0 1 1 0 0 4 2 1 3 0 0/0 26:55 5:09 1:57
Dennis Seidenberg 0 0 0 0 0 6 2 1 1 1 0/0 19:54 4:46 2:05
James Sheppard 0 0 0 0 0 1 0 0 1 0 0/4 6:06 0:00 0:00
Janne Niskala 0 1 1 0 0 3 1 2 2 1 0/0 26:55 5:09 1:57
Josh Beaulieu 0 0 0 0 0 1 0 0 0 0 0/0 7:50 0:00 1:06
Kyle Wharton 0 0 0 0 0 0 0 0 1 0 0/0 4:41 0:00 0:00
Marc-André Bernier 0 0 0 0 0 0 0 0 0 0 0/0 0:22 0:01 0:00
Marco Sturm 0 0 0 -1 0 0 0 1 0 0 0/1 21:03 5:04 0:56
Masi Marjamaki 0 0 0 0 0 0 1 0 0 0 0/0 4:35 0:00 0:23
Nicolas Blanchard 0 0 0 -1 2 0 3 0 0 1 3/5 9:36 0:00 0:00
Nikolai Zherdev 1 0 1 0 0 3 3 0 2 1 3/3 21:26 4:40 2:00
Petr Vrana 0 0 0 0 0 1 1 0 1 0 0/1 16:23 4:40 0:00
Robert Bortuzzo 0 0 0 0 0 0 0 0 0 0 0/0 0:00 0:00 0:00
Ryan Craig 0 0 0 0 2 0 0 0 0 0 6/14 18:24 4:40 0:17
Vince Rocco 0 0 0 0 0 0 0 0 0 0 0/0 0:00 0:00 0:00
Vladimir Mihalik 0 0 0 -1 4 0 1 3 0 0 0/0 8:29 0:00 0:00
Players Stats for Spitfire
Player Name G A P +/- PIM S H SB GA TA FO MP PP MP PK MP
------------------------------------------------------------------------------------
Brad Staubitz 0 0 0 0 0 0 0 0 0 0 0/0 0:00 0:00 0:00
David Krejci 0 0 0 0 2 1 3 0 0 2 4/10 16:31 1:48 0:56
Denis Shvidki 0 0 0 0 0 4 1 0 1 1 1/4 16:50 1:48 2:36
Derick Brassard 0 1 1 1 0 1 1 0 1 2 16/26 17:56 2:14 2:36
Devin Didiomete 0 0 0 0 0 0 0 0 0 0 0/0 0:00 0:00 0:00
Dick Tarnstrom 0 1 1 1 0 2 1 1 1 2 0/0 26:14 2:00 4:03
Eric Fehr 0 2 2 1 0 2 1 2 1 0 0/0 23:10 2:14 5:10
Erik Condra 0 0 0 -1 0 0 0 0 0 0 0/0 7:05 0:00 0:00
Keaton Ellerby 0 1 1 0 0 0 0 0 0 0 0/0 11:01 0:00 0:00
Keith Yandle 0 0 0 0 2 1 0 1 0 1 0/0 19:32 2:02 2:59
Kevin Klein 0 0 0 1 0 0 0 2 1 1 0/0 28:53 2:00 6:17
Kris Beech 0 1 1 1 0 4 1 0 1 0 4/8 10:34 0:00 0:00
Marc-Antoine Pouliot 0 0 0 -1 2 2 0 0 0 0 3/6 7:25 0:00 0:00
Martin Samuelsson 2 0 2 1 2 6 1 0 1 1 6/8 22:08 2:14 4:05
Mathieu Roy 0 0 0 0 2 0 0 0 0 1 0/0 11:40 0:00 0:39
Matt Walker 0 0 0 0 0 0 0 1 0 1 0/0 22:45 2:02 5:52
Paul Bissonnette 0 0 0 -1 0 1 1 0 0 0 0/0 9:10 0:00 1:57
Sergei Kostitsyn 0 0 0 0 2 0 4 0 1 1 0/0 14:08 1:48 0:12
Shean Donovan 1 0 1 1 0 5 2 0 1 0 0/0 10:14 0:00 0:00
Tim Kennedy 0 0 0 1 0 1 0 0 0 0 1/2 12:44 0:00 2:18
3 Stars
1 - Marc Denis (Val)
2 - Martin Samuelsson (Val)
3 - Shean Donovan (Val)
Power Play
Demolitions - 0 on 5 Attempt(s) - 0,00%
Spitfire - 1 on 3 Attempt(s) - 33,33%
Penalty Kill
Demolitions - 2 on 3 Attempt(s) - 66,67%
- Score 0 goal in Penalty Kill
Spitfire - 5 on 5 Attempt(s) - 100,00%
- Score 0 goal in Penalty Kill
Official
Referees : O'Rourke Dan and Ciamaga Chris
Linesman : Lyle Seitz and Thor Nelson
Game Notes
Masi Marjamaki is injured at 3:39 of 2nd period (Right Leg)
Demolitions
5 vs 5 Forward
Center Left Wing Right Wing Time % Phy DF OF
1 Brad Richardson Marco Sturm Adam Burish 40 1 2 2
2 Ryan Craig Petr Vrana Nikolai Zherdev 30 1 2 2
3 Nicolas Blanchard Masi Marjamaki Anthony Stewart 20 1 2 2
4 James Sheppard Josh Beaulieu Brandon Bochenski 10 1 2 2
5 vs 5 Defense
Defense Defense Time % Phy DF OF
1 Chris Campoli Janne Niskala 40 1 2 2
2 Dennis Seidenberg Andy Rogers 30 1 2 2
3 Anton Babchuk Vladimir Mihalik 20 1 2 2
4 Anssi Salmela Kyle Wharton 10 1 2 2
PowerPlay Forward
Center Left Wing Right Wing Time % Phy DF OF
1 Brad Richardson Marco Sturm Adam Burish 60 1 2 2
2 Ryan Craig Petr Vrana Nikolai Zherdev 40 1 2 2
PowerPlay Defense
Defense Defense Time % Phy DF OF
1 Chris Campoli Janne Niskala 60 1 2 2
2 Dennis Seidenberg Andy Rogers 40 1 2 2
Penalty Kill 4 Players Forward
Center Wing Time % Phy DF OF
1 Adam Burish Nikolai Zherdev 60 1 2 2
2 Brad Richardson Marco Sturm 40 1 2 2
Penalty Kill 4 Players Defense
Defense Defense Time % Phy DF OF
1 Chris Campoli Janne Niskala 60 1 2 2
2 Dennis Seidenberg Andy Rogers 40 1 2 2
Penalty Kill - 3 Players Forward
Forward Time % Phy DF OF
1 Adam Burish 60 1 2 2
2 Nikolai Zherdev 40 1 2 2
Penalty Kill - 3 Players Defense
Defense Defense Time % Phy DF OF
1 Chris Campoli Janne Niskala 60 1 2 2
2 Dennis Seidenberg Andy Rogers 40 1 2 2
4 vs 4 Forward
Center Wing Time % Phy DF OF
1 Adam Burish Nikolai Zherdev 60 1 2 2
2 Brad Richardson Marco Sturm 40 1 2 2
4 vs 4 Defense
Defense Defense Time % Phy DF OF
1 Chris Campoli Janne Niskala 60 1 2 2
2 Dennis Seidenberg Andy Rogers 40 1 2 2
Last Minutes Offensive
Center Left Wing Right Wing Defense Defense
Brad Richardson Marco Sturm Adam Burish Chris Campoli Janne Niskala
Last Minutes Defensive
Center Left Wing Right Wing Defense Defense
Brad Richardson Marco Sturm Adam Burish Chris Campoli Janne Niskala
Goaltenders
Starting : Antero Niittymaki
Backup : Sergei Bobrovsky
Extra Forwards
Normal : Anthony Stewart, Brandon Bochenski, Masi Marjamaki - PP : Anthony Stewart, Brandon Bochenski - PK : Masi Marjamaki
Extra Defensemen
Normal : Anton Babchuk, Vladimir Mihalik, Anssi Salmela - PP : Anton Babchuk - PK : Vladimir Mihalik, Anssi Salmela
Penalty Shots
Adam Burish, Nikolai Zherdev, Brad Richardson, Marco Sturm, Anthony Stewart
Spitfire
5 vs 5 Forward
Center Left Wing Right Wing Time % Phy DF OF
1 Derick Brassard Martin Samuelsson Eric Fehr 40 1 2 2
2 David Krejci Sergei Kostitsyn Denis Shvidki 30 1 2 2
3 Kris Beech Tim Kennedy Shean Donovan 20 1 2 2
4 Marc-Antoine Pouliot Paul Bissonnette Erik Condra 10 1 2 2
5 vs 5 Defense
Defense Defense Time % Phy DF OF
1 Kevin Klein Dick Tarnstrom 40 1 2 2
2 Matt Walker Keith Yandle 30 1 2 2
3 Keaton Ellerby Mathieu Roy 20 1 2 2
4 Kevin Klein Dick Tarnstrom 10 1 2 2
PowerPlay Forward
Center Left Wing Right Wing Time % Phy DF OF
1 Derick Brassard Martin Samuelsson Eric Fehr 60 1 2 2
2 David Krejci Sergei Kostitsyn Denis Shvidki 40 1 2 2
PowerPlay Defense
Defense Defense Time % Phy DF OF
1 Kevin Klein Dick Tarnstrom 60 1 2 2
2 Matt Walker Keith Yandle 40 1 2 2
Penalty Kill 4 Players Forward
Center Wing Time % Phy DF OF
1 Martin Samuelsson Eric Fehr 60 1 2 2
2 Denis Shvidki Derick Brassard 40 1 2 2
Penalty Kill 4 Players Defense
Defense Defense Time % Phy DF OF
1 Kevin Klein Matt Walker 60 1 2 2
2 Dick Tarnstrom Keith Yandle 40 1 2 2
Penalty Kill - 3 Players Forward
Forward Time % Phy DF OF
1 Martin Samuelsson 60 1 2 2
2 Eric Fehr 40 1 2 2
Penalty Kill - 3 Players Defense
Defense Defense Time % Phy DF OF
1 Kevin Klein Matt Walker 60 1 2 2
2 Dick Tarnstrom Keith Yandle 40 1 2 2
4 vs 4 Forward
Center Wing Time % Phy DF OF
1 Martin Samuelsson Eric Fehr 60 1 2 2
2 Denis Shvidki Derick Brassard 40 1 2 2
4 vs 4 Defense
Defense Defense Time % Phy DF OF
1 Kevin Klein Dick Tarnstrom 60 1 2 2
2 Matt Walker Keith Yandle 40 1 2 2
Last Minutes Offensive
Center Left Wing Right Wing Defense Defense
Derick Brassard Martin Samuelsson Eric Fehr Kevin Klein Matt Walker
Last Minutes Defensive
Center Left Wing Right Wing Defense Defense
Derick Brassard Martin Samuelsson Eric Fehr Kevin Klein Matt Walker
Goaltenders
Starting : Marc Denis
Backup : Yann Danis
Extra Forwards
Normal : Kris Beech, Marc-Antoine Pouliot, Tim Kennedy - PP : Kris Beech, Marc-Antoine Pouliot - PK : Tim Kennedy
Extra Defensemen
Normal : Keaton Ellerby, Keith Yandle, Kevin Klein - PP : Keaton Ellerby - PK : Keith Yandle, Kevin Klein
Penalty Shots
Martin Samuelsson, Eric Fehr, Denis Shvidki, Derick Brassard, David Krejci
% Time on Ice - Demolitions
Lines # - Real PCT - Wanted PCT - Time Play
Normal Forward
1 - 38% - 40% - 16:39
2 - 27% - 30% - 11:43
3 - 22% - 20% - 9:36
4 - 14% - 10% - 6:06
Normal Defense
1 - 42% - 40% - 18:21
2 - 28% - 30% - 12:32
3 - 19% - 20% - 8:30
4 - 11% - 10% - 4:41
PP Forward
1 - 53% - 60% - 5:15
2 - 47% - 40% - 4:40
PP Defense
1 - 52% - 60% - 5:09
2 - 48% - 40% - 4:46
PK Forward
1 - 80% - 60% - 3:13
2 - 20% - 40% - 0:49
PK Defense
1 - 48% - 60% - 1:57
2 - 52% - 40% - 2:05
PK3 Forward
1 - 0% - 60%
2 - 0% - 40%
PK3 Defense
1 - 0% - 60%
2 - 0% - 40%
44 Forward
1 - 82% - 60% - 1:37
2 - 18% - 40% - 0:22
44 Defense
1 - 74% - 60% - 1:28
2 - 26% - 40% - 0:31
Last Minute Offensive - 0:00
Last Minute Defensive - 0:00
Total
Forward - 60:00
Defense - 60:00
|
% Time on Ice - Spitfire
Lines # - Real PCT - Wanted PCT - Time Play
Normal Forward
1 - 33% - 40% - 14:41
2 - 27% - 30% - 12:04
3 - 23% - 20% - 10:14
4 - 16% - 10% - 7:05
Normal Defense
1 - 40% - 40% - 17:31
2 - 31% - 30% - 13:42
3 - 25% - 20% - 11:01
4 - 4% - 10% - 1:50
PP Forward
1 - 55% - 60% - 2:14
2 - 45% - 40% - 1:48
PP Defense
1 - 50% - 60% - 2:00
2 - 50% - 40% - 2:02
PK Forward
1 - 74% - 60% - 7:19
2 - 26% - 40% - 2:36
PK Defense
1 - 59% - 60% - 5:52
2 - 41% - 40% - 4:03
PK3 Forward
1 - 0% - 60%
2 - 0% - 40%
PK3 Defense
1 - 0% - 60%
2 - 0% - 40%
44 Forward
1 - 82% - 60% - 1:37
2 - 18% - 40% - 0:22
44 Defense
1 - 58% - 60% - 1:09
2 - 42% - 40% - 0:50
Last Minute Offensive - 0:00
Last Minute Defensive - 0:00
Total
Forward - 60:00
Defense - 60:00
|
Play by Play
1st period
0:01 of 1st period - Derick Brassard wins face-off versus Brad Richardson in neutral zone.
0:48 of 1st period - Nicolas Blanchard is hit by Shean Donovan and loses puck.
0:53 of 1st period - Wrist shot by Shean Donovan.
0:53 of 1st period - Shot Blocked by Andy Rogers.
1:22 of 1st period - Off-side.
1:23 of 1st period - Derick Brassard wins face-off versus Marco Sturm in neutral zone.
1:32 of 1st period - Snap shot by Derick Brassard.
1:32 of 1st period - Stopped by Antero Niittymaki with a rebound.
1:48 of 1st period - Wrist shot by David Krejci.
1:48 of 1st period - Shot Misses the Net.
1:59 of 1st period - Minor Penalty to Vladimir Mihalik for High sticking.
2:00 of 1st period - Nikolai Zherdev wins face-off versus Derick Brassard in Demolitions zone.
2:15 of 1st period - Snap shot by Derick Brassard.
2:15 of 1st period - Shot Blocked by Janne Niskala.
2:34 of 1st period - Slapshot by Brad Richardson.
2:34 of 1st period - Stopped by Marc Denis with a rebound.
2:36 of 1st period - Slapshot by Dennis Seidenberg.
2:36 of 1st period - Stopped by Marc Denis with a rebound.
2:38 of 1st period - Slapshot by Dennis Seidenberg.
2:38 of 1st period - Shot Misses the Net.
2:42 of 1st period - Snap shot by Brad Richardson.
2:42 of 1st period - Shot Blocked by Kevin Klein.
3:59 of 1st period - Penalty to Vladimir Mihalik is over, Vladimir Mihalik is back on ice.
4:02 of 1st period - Icing by Josh Beaulieu.
4:03 of 1st period - Nicolas Blanchard wins face-off versus Kris Beech in Demolitions zone.
4:03 of 1st period - Nicolas Blanchard is hit by Shean Donovan.
4:08 of 1st period - Off-side.
4:09 of 1st period - Nicolas Blanchard wins face-off versus Kris Beech in neutral zone.
4:26 of 1st period - Slapshot by Kris Beech.
4:26 of 1st period - Deflect By Shean Donovan.
4:26 of 1st period - Stopped by Antero Niittymaki without a rebound.
4:27 of 1st period - Brad Richardson wins face-off versus Derick Brassard in Demolitions zone.
4:32 of 1st period - Backhand shot by Adam Burish.
4:32 of 1st period - Stopped by Marc Denis with a rebound.
4:34 of 1st period - Snap shot by Brad Richardson.
4:34 of 1st period - Shot Misses the Net.
4:36 of 1st period - Slapshot by Chris Campoli.
4:36 of 1st period - Stopped by Marc Denis with a rebound.
4:38 of 1st period - Snap shot by Adam Burish.
4:38 of 1st period - Shot Misses the Net.
4:40 of 1st period - Snap shot by Adam Burish.
4:40 of 1st period - Shot Blocked by Eric Fehr.
5:58 of 1st period - Snap shot by Derick Brassard.
5:58 of 1st period - Shot Blocked by Anssi Salmela.
6:23 of 1st period - Wrist shot by Denis Shvidki.
6:23 of 1st period - Stopped by Antero Niittymaki without a rebound.
6:24 of 1st period - Derick Brassard wins face-off versus Brad Richardson in Demolitions zone.
6:31 of 1st period - Wrist shot by Eric Fehr.
6:31 of 1st period - Stopped by Antero Niittymaki with a rebound.
6:58 of 1st period - Slapshot by Chris Campoli.
6:58 of 1st period - Stopped by Marc Denis without a rebound.
6:59 of 1st period - Derick Brassard wins face-off versus Brad Richardson in Spitfire zone.
7:13 of 1st period - Wrist shot by Martin Samuelsson.
7:13 of 1st period - Shot Blocked by Vladimir Mihalik.
7:15 of 1st period - Snap shot by Derick Brassard.
7:15 of 1st period - Shot Blocked by Anton Babchuk.
7:31 of 1st period - Snap shot by Shean Donovan.
7:31 of 1st period - Shot Blocked by Adam Burish.
7:37 of 1st period - Slapshot by Kris Beech.
7:37 of 1st period - Stopped by Antero Niittymaki with a rebound.
7:52 of 1st period - Icing by Denis Shvidki.
7:53 of 1st period - David Krejci wins face-off versus Ryan Craig in Spitfire zone.
8:08 of 1st period - Snap shot by Denis Shvidki.
8:08 of 1st period - Stopped by Antero Niittymaki with a rebound.
8:25 of 1st period - Slapshot by Eric Fehr.
8:25 of 1st period - Shot Misses the Net.
8:47 of 1st period - Slapshot by Brandon Bochenski.
8:47 of 1st period - Stopped by Marc Denis with a rebound.
8:49 of 1st period - Snap shot by Dennis Seidenberg.
8:49 of 1st period - Deflect By James Sheppard.
8:49 of 1st period - Stopped by Marc Denis with a rebound.
8:51 of 1st period - Slapshot by Andy Rogers.
8:51 of 1st period - Shot Misses the Net.
10:44 of 1st period - Off-side.
10:45 of 1st period - Derick Brassard wins face-off versus Petr Vrana in neutral zone.
10:56 of 1st period - Slapshot by Martin Samuelsson.
10:56 of 1st period - Shot Blocked by Andy Rogers.
11:08 of 1st period - Wrist shot by Nikolai Zherdev.
11:08 of 1st period - Stopped by Marc Denis without a rebound.
11:09 of 1st period - Brad Richardson wins face-off versus Denis Shvidki in Spitfire zone.
11:22 of 1st period - Chris Campoli is hit by Sergei Kostitsyn and loses puck.
12:04 of 1st period - Snap shot by Martin Samuelsson.
12:04 of 1st period - Stopped by Antero Niittymaki with a rebound.
13:00 of 1st period - Sergei Kostitsyn is hit by Masi Marjamaki and loses puck.
13:44 of 1st period - Slapshot by Dennis Seidenberg.
13:44 of 1st period - Stopped by Marc Denis with a rebound.
13:46 of 1st period - Wrist shot by Josh Beaulieu.
13:46 of 1st period - Stopped by Marc Denis without a rebound.
13:47 of 1st period - Brad Richardson wins face-off versus Derick Brassard in Spitfire zone.
13:48 of 1st period - Wrist shot by Adam Burish.
13:48 of 1st period - Stopped by Marc Denis with a rebound.
14:17 of 1st period - Wrist shot by Shean Donovan.
14:17 of 1st period - Stopped by Antero Niittymaki without a rebound.
14:18 of 1st period - Ryan Craig wins face-off versus David Krejci in Demolitions zone.
14:18 of 1st period - Ryan Craig is hit by David Krejci.
14:44 of 1st period - Adam Burish is hit by Martin Samuelsson and loses puck.
15:47 of 1st period - Ryan Craig is hit by Denis Shvidki.
16:53 of 1st period - Slapshot by Chris Campoli.
16:53 of 1st period - Shot Misses the Net.
16:55 of 1st period - Wrist shot by Nikolai Zherdev.
16:55 of 1st period - Goal by Nikolai Zherdev - Demolitions : 1 - Spitfire : 0.
16:56 of 1st period - Derick Brassard wins face-off versus Brad Richardson in neutral zone.
17:12 of 1st period - Marco Sturm is hit by Dick Tarnstrom and loses puck.
17:29 of 1st period - Snap shot by Sergei Kostitsyn.
17:29 of 1st period - Deflect By Denis Shvidki.
17:29 of 1st period - Shot Misses the Net.
17:29 of 1st period - Puck is out of play.
17:30 of 1st period - Denis Shvidki wins face-off versus Ryan Craig in Demolitions zone.
17:39 of 1st period - Backhand shot by Denis Shvidki.
17:39 of 1st period - Stopped by Antero Niittymaki with a rebound.
18:33 of 1st period - Martin Samuelsson is hit by Nicolas Blanchard and loses puck.
19:00 of 1st period - Icing by Matt Walker.
19:01 of 1st period - Nikolai Zherdev wins face-off versus Marc-Antoine Pouliot in Spitfire zone.
19:19 of 1st period - Snap shot by Marc-Antoine Pouliot.
19:19 of 1st period - Shot Blocked by Anton Babchuk.
19:29 of 1st period - Erik Condra is hit by Brad Richardson and loses puck.
19:46 of 1st period - Snap shot by Brad Richardson.
19:46 of 1st period - Deflect By Keith Yandle.
19:46 of 1st period - Stopped by Marc Denis without a rebound.
19:47 of 1st period - Ryan Craig wins face-off versus Derick Brassard in Spitfire zone.
19:48 of 1st period - Snap shot by Nikolai Zherdev.
19:48 of 1st period - Shot Misses the Net.
19:50 of 1st period - Snap shot by Ryan Craig.
19:50 of 1st period - Shot Misses the Net.
19:52 of 1st period - Snap shot by Petr Vrana.
19:52 of 1st period - Stopped by Marc Denis without a rebound.
19:53 of 1st period - Derick Brassard wins face-off versus Ryan Craig in Spitfire zone.
2nd period
0:01 of 2nd period - Derick Brassard wins face-off versus Brad Richardson in neutral zone.
0:34 of 2nd period - Minor Penalty to Sergei Kostitsyn for High sticking.
0:35 of 2nd period - Martin Samuelsson wins face-off versus Brad Richardson in Spitfire zone.
2:34 of 2nd period - Penalty to Sergei Kostitsyn is over, Sergei Kostitsyn is back on ice.
2:50 of 2nd period - Mathieu Roy is hit by Chris Campoli and loses puck.
3:01 of 2nd period - Nicolas Blanchard is hit by Kris Beech and loses puck.
3:38 of 2nd period - Masi Marjamaki is hit by David Krejci and loses puck.
3:39 of 2nd period - Masi Marjamaki from Demolitions is injured at 3:39 of 2nd period (Right Leg).
3:40 of 2nd period - Derick Brassard wins face-off versus Brad Richardson in Demolitions zone.
3:41 of 2nd period - Snap shot by Eric Fehr.
3:41 of 2nd period - Shot Blocked by Dennis Seidenberg.
3:54 of 2nd period - Icing by Brad Richardson.
3:55 of 2nd period - Brad Richardson wins face-off versus David Krejci in Demolitions zone.
4:44 of 2nd period - Snap shot by Adam Burish.
4:44 of 2nd period - Stopped by Marc Denis without a rebound.
4:45 of 2nd period - Ryan Craig wins face-off versus Derick Brassard in Spitfire zone.
5:10 of 2nd period - Matt Walker is hit by Nicolas Blanchard and loses puck.
5:17 of 2nd period - Wrist shot by Kris Beech.
5:17 of 2nd period - Stopped by Antero Niittymaki without a rebound.
5:18 of 2nd period - Derick Brassard wins face-off versus Nicolas Blanchard in Demolitions zone.
5:25 of 2nd period - Keaton Ellerby is hit by Anthony Stewart and loses puck.
5:34 of 2nd period - Snap shot by Anthony Stewart.
5:34 of 2nd period - Stopped by Marc Denis with a rebound.
6:12 of 2nd period - Wrist shot by Adam Burish.
6:12 of 2nd period - Stopped by Marc Denis with a rebound.
6:14 of 2nd period - Slapshot by Janne Niskala.
6:14 of 2nd period - Stopped by Marc Denis with a rebound.
6:28 of 2nd period - Slapshot by Erik Condra.
6:28 of 2nd period - Deflect By Marc-Antoine Pouliot.
6:28 of 2nd period - Stopped by Antero Niittymaki without a rebound.
6:29 of 2nd period - Ryan Craig wins face-off versus Marc-Antoine Pouliot in Demolitions zone.
7:05 of 2nd period - Slapshot by Adam Burish.
7:05 of 2nd period - Shot Misses the Net.
8:01 of 2nd period - Wrist shot by Adam Burish.
8:01 of 2nd period - Stopped by Marc Denis without a rebound.
8:02 of 2nd period - Brad Richardson wins face-off versus Marc-Antoine Pouliot in Spitfire zone.
8:03 of 2nd period - Wrist shot by Adam Burish.
8:03 of 2nd period - Stopped by Marc Denis without a rebound.
8:04 of 2nd period - Marc-Antoine Pouliot wins face-off versus Brad Richardson in Spitfire zone.
8:15 of 2nd period - Snap shot by Brad Richardson.
8:15 of 2nd period - Shot Misses the Net.
8:17 of 2nd period - Slapshot by Andy Rogers.
8:17 of 2nd period - Shot Blocked by Keith Yandle.
9:09 of 2nd period - Off-side.
9:10 of 2nd period - Brad Richardson wins face-off versus David Krejci in neutral zone.
9:17 of 2nd period - Snap shot by Marco Sturm.
9:17 of 2nd period - Deflect By Brad Richardson.
9:17 of 2nd period - Stopped by Marc Denis with a rebound.
9:22 of 2nd period - Dick Tarnstrom is hit by Vladimir Mihalik and loses puck.
10:01 of 2nd period - Matt Walker is hit by Anthony Stewart and loses puck.
10:08 of 2nd period - Slapshot by Brandon Bochenski.
10:08 of 2nd period - Stopped by Marc Denis without a rebound.
10:09 of 2nd period - Derick Brassard wins face-off versus Brad Richardson in Spitfire zone.
10:21 of 2nd period - Minor Penalty to Keith Yandle for Hooking.
10:22 of 2nd period - Martin Samuelsson wins face-off versus Brad Richardson in Spitfire zone.
10:54 of 2nd period - Icing by Chris Campoli.
10:55 of 2nd period - Nikolai Zherdev wins face-off versus Denis Shvidki in Demolitions zone.
11:00 of 2nd period - Slapshot by Janne Niskala.
11:00 of 2nd period - Shot Blocked by Dick Tarnstrom.
12:21 of 2nd period - Penalty to Keith Yandle is over, Keith Yandle is back on ice.
12:40 of 2nd period - Wrist shot by Anthony Stewart.
12:40 of 2nd period - Shot Misses the Net.
13:25 of 2nd period - Snap shot by Kris Beech.
13:25 of 2nd period - Deflect By Nikolai Zherdev.
13:25 of 2nd period - Stopped by Antero Niittymaki without a rebound.
13:26 of 2nd period - Brad Richardson wins face-off versus David Krejci in Demolitions zone.
14:09 of 2nd period - Snap shot by David Krejci.
14:09 of 2nd period - Stopped by Antero Niittymaki without a rebound.
14:10 of 2nd period - Brad Richardson wins face-off versus Derick Brassard in Demolitions zone.
14:22 of 2nd period - Minor Penalty to Martin Samuelsson for Tripping.
14:23 of 2nd period - Brad Richardson wins face-off versus Tim Kennedy in Spitfire zone.
14:58 of 2nd period - Wrist shot by Chris Campoli.
14:58 of 2nd period - Shot Misses the Net.
15:00 of 2nd period - Snap shot by Chris Campoli.
15:00 of 2nd period - Stopped by Marc Denis without a rebound.
15:01 of 2nd period - Ryan Craig wins face-off versus David Krejci in Spitfire zone.
15:14 of 2nd period - Slapshot by Dennis Seidenberg.
15:14 of 2nd period - Stopped by Marc Denis with a rebound.
15:16 of 2nd period - Slapshot by Dennis Seidenberg.
15:16 of 2nd period - Shot Blocked by Kevin Klein.
16:20 of 2nd period - Matt Walker is hit by Petr Vrana and loses puck.
16:22 of 2nd period - Penalty to Martin Samuelsson is over, Martin Samuelsson is back on ice.
16:38 of 2nd period - Icing by Anton Babchuk.
16:39 of 2nd period - Kris Beech wins face-off versus James Sheppard in Demolitions zone.
16:40 of 2nd period - Snap shot by Shean Donovan.
16:40 of 2nd period - Stopped by Antero Niittymaki with a rebound.
17:12 of 2nd period - Marco Sturm is hit by Sergei Kostitsyn and loses puck.
17:25 of 2nd period - Kevin Klein is hit by Nikolai Zherdev.
17:29 of 2nd period - Wrist shot by Dick Tarnstrom.
17:29 of 2nd period - Stopped by Antero Niittymaki with a rebound.
17:31 of 2nd period - Wrist shot by Eric Fehr.
17:31 of 2nd period - Shot Misses the Net.
18:02 of 2nd period - Off-side.
18:03 of 2nd period - David Krejci wins face-off versus Ryan Craig in neutral zone.
18:40 of 2nd period - Wrist shot by Adam Burish.
18:40 of 2nd period - Shot Misses the Net.
19:04 of 2nd period - Tim Kennedy is hit by Nicolas Blanchard and loses puck.
19:12 of 2nd period - Minor Penalty to Vladimir Mihalik for Tripping.
19:13 of 2nd period - Derick Brassard wins face-off versus Adam Burish in Demolitions zone.
19:16 of 2nd period - Wrist shot by Martin Samuelsson.
19:16 of 2nd period - Goal by Martin Samuelsson - Demolitions : 1 - Spitfire : 1.
19:17 of 2nd period - Brad Richardson wins face-off versus Derick Brassard in neutral zone.
19:33 of 2nd period - Off-side.
19:34 of 2nd period - Ryan Craig wins face-off versus David Krejci in neutral zone.
19:34 of 2nd period - Ryan Craig is hit by Sergei Kostitsyn.
19:38 of 2nd period - Sergei Kostitsyn is hit by Janne Niskala.
3rd period
0:01 of 3rd period - Brad Richardson wins face-off versus Derick Brassard in neutral zone.
0:04 of 3rd period - Slapshot by Janne Niskala.
0:04 of 3rd period - Deflect By Adam Burish.
0:04 of 3rd period - Stopped by Marc Denis without a rebound.
0:05 of 3rd period - Derick Brassard wins face-off versus Brad Richardson in Spitfire zone.
0:18 of 3rd period - Wrist shot by Martin Samuelsson.
0:18 of 3rd period - Stopped by Antero Niittymaki with a rebound.
0:20 of 3rd period - Wrist shot by Martin Samuelsson.
0:20 of 3rd period - Shot Misses the Net.
0:33 of 3rd period - Minor Penalty to David Krejci for Holding.
0:33 of 3rd period - Minor Penalty to Ryan Craig for Cross-checking.
0:34 of 3rd period - Martin Samuelsson wins face-off versus Adam Burish in Spitfire zone.
0:41 of 3rd period - Snap shot by Eric Fehr.
0:41 of 3rd period - Shot Misses the Net.
1:17 of 3rd period - Snap shot by Dick Tarnstrom.
1:17 of 3rd period - Stopped by Antero Niittymaki without a rebound.
1:18 of 3rd period - Anthony Stewart wins face-off versus Kris Beech in Demolitions zone.
1:25 of 3rd period - Slapshot by Brandon Bochenski.
1:25 of 3rd period - Shot Blocked by Matt Walker.
1:27 of 3rd period - Slapshot by Janne Niskala.
1:27 of 3rd period - Stopped by Marc Denis without a rebound.
1:28 of 3rd period - Martin Samuelsson wins face-off versus Adam Burish in Spitfire zone.
1:35 of 3rd period - Snap shot by Martin Samuelsson.
1:35 of 3rd period - Stopped by Antero Niittymaki with a rebound.
2:07 of 3rd period - Snap shot by Denis Shvidki.
2:07 of 3rd period - Stopped by Antero Niittymaki without a rebound.
2:08 of 3rd period - Brad Richardson wins face-off versus Denis Shvidki in Demolitions zone.
2:23 of 3rd period - Slapshot by Janne Niskala.
2:23 of 3rd period - Stopped by Marc Denis without a rebound.
2:24 of 3rd period - Martin Samuelsson wins face-off versus Adam Burish in Spitfire zone.
2:33 of 3rd period - Penalty to David Krejci is over, David Krejci is back on ice.
2:33 of 3rd period - Penalty to Ryan Craig is over, Ryan Craig is back on ice.
4:15 of 3rd period - Wrist shot by Nikolai Zherdev.
4:15 of 3rd period - Shot Misses the Net.
4:17 of 3rd period - Wrist shot by Chris Campoli.
4:17 of 3rd period - Stopped by Marc Denis without a rebound.
4:18 of 3rd period - Nicolas Blanchard wins face-off versus Kris Beech in Spitfire zone.
4:33 of 3rd period - Slapshot by Dennis Seidenberg.
4:33 of 3rd period - Stopped by Marc Denis without a rebound.
4:34 of 3rd period - Marc-Antoine Pouliot wins face-off versus James Sheppard in Spitfire zone.
4:34 of 3rd period - Marc-Antoine Pouliot is hit by Dennis Seidenberg.
4:42 of 3rd period - Slapshot by Dennis Seidenberg.
4:42 of 3rd period - Stopped by Marc Denis without a rebound.
4:43 of 3rd period - Marc-Antoine Pouliot wins face-off versus James Sheppard in Spitfire zone.
5:06 of 3rd period - Slapshot by Dennis Seidenberg.
5:06 of 3rd period - Shot Misses the Net.
5:22 of 3rd period - Wrist shot by Marc-Antoine Pouliot.
5:22 of 3rd period - Shot Misses the Net.
5:28 of 3rd period - Slapshot by Keith Yandle.
5:28 of 3rd period - Deflect By Marc-Antoine Pouliot.
5:28 of 3rd period - Deflect By Dennis Seidenberg.
5:28 of 3rd period - Stopped by Antero Niittymaki with a rebound.
5:30 of 3rd period - Snap shot by Paul Bissonnette.
5:30 of 3rd period - Stopped by Antero Niittymaki without a rebound.
5:31 of 3rd period - Kris Beech wins face-off versus Nicolas Blanchard in Demolitions zone.
5:34 of 3rd period - Wrist shot by Kris Beech.
5:34 of 3rd period - Shot Blocked by Vladimir Mihalik.
5:38 of 3rd period - Slapshot by Shean Donovan.
5:38 of 3rd period - Shot Misses the Net.
5:40 of 3rd period - Slapshot by Keaton Ellerby.
5:40 of 3rd period - Deflect By Shean Donovan.
5:40 of 3rd period - Goal by Shean Donovan - Demolitions : 1 - Spitfire : 2.
5:41 of 3rd period - Derick Brassard wins face-off versus Ryan Craig in neutral zone.
5:50 of 3rd period - Snap shot by Martin Samuelsson.
5:50 of 3rd period - Goal by Martin Samuelsson - Demolitions : 1 - Spitfire : 3.
5:51 of 3rd period - Martin Samuelsson wins face-off versus Brad Richardson in neutral zone.
6:02 of 3rd period - Eric Fehr is hit by Dennis Seidenberg and loses puck.
6:24 of 3rd period - Snap shot by Nikolai Zherdev.
6:24 of 3rd period - Shot Misses the Net.
6:58 of 3rd period - Minor Penalty to Marc-Antoine Pouliot for Hooking.
6:59 of 3rd period - Brad Richardson wins face-off versus Martin Samuelsson in Spitfire zone.
7:02 of 3rd period - Slapshot by Marco Sturm.
7:02 of 3rd period - Shot Misses the Net.
7:04 of 3rd period - Snap shot by Brad Richardson.
7:04 of 3rd period - Stopped by Marc Denis with a rebound.
7:31 of 3rd period - Slapshot by Chris Campoli.
7:31 of 3rd period - Shot Misses the Net.
7:33 of 3rd period - Slapshot by Janne Niskala.
7:33 of 3rd period - Shot Misses the Net.
7:35 of 3rd period - Snap shot by Ryan Craig.
7:35 of 3rd period - Shot Misses the Net.
8:58 of 3rd period - Penalty to Marc-Antoine Pouliot is over, Marc-Antoine Pouliot is back on ice.
9:14 of 3rd period - Off-side.
9:15 of 3rd period - David Krejci wins face-off versus James Sheppard in neutral zone.
9:18 of 3rd period - Anton Babchuk is hit by Sergei Kostitsyn and loses puck.
9:41 of 3rd period - Wrist shot by Brandon Bochenski.
9:41 of 3rd period - Stopped by Marc Denis without a rebound.
9:42 of 3rd period - Derick Brassard wins face-off versus Ryan Craig in Spitfire zone.
9:42 of 3rd period - Derick Brassard is hit by Nikolai Zherdev.
9:48 of 3rd period - Ryan Craig is hit by Eric Fehr and loses puck.
10:11 of 3rd period - Wrist shot by Kris Beech.
10:11 of 3rd period - Stopped by Antero Niittymaki without a rebound.
10:12 of 3rd period - David Krejci wins face-off versus Brad Richardson in Demolitions zone.
10:27 of 3rd period - Wrist shot by Adam Burish.
10:27 of 3rd period - Stopped by Marc Denis without a rebound.
10:28 of 3rd period - Derick Brassard wins face-off versus Ryan Craig in Spitfire zone.
10:28 of 3rd period - Derick Brassard is hit by Chris Campoli.
10:44 of 3rd period - Snap shot by Nikolai Zherdev.
10:44 of 3rd period - Stopped by Marc Denis with a rebound.
11:02 of 3rd period - Wrist shot by David Krejci.
11:02 of 3rd period - Shot Blocked by Marco Sturm.
11:18 of 3rd period - Kris Beech is hit by Brandon Bochenski.
11:44 of 3rd period - Slapshot by Keith Yandle.
11:44 of 3rd period - Shot Misses the Net.
11:46 of 3rd period - Snap shot by Keith Yandle.
11:46 of 3rd period - Stopped by Antero Niittymaki with a rebound.
12:21 of 3rd period - Adam Burish is hit by David Krejci and loses puck.
12:44 of 3rd period - Josh Beaulieu is hit by Paul Bissonnette and loses puck.
13:08 of 3rd period - Snap shot by Eric Fehr.
13:08 of 3rd period - Stopped by Antero Niittymaki with a rebound.
14:07 of 3rd period - Wrist shot by Eric Fehr.
14:07 of 3rd period - Deflect By Martin Samuelsson.
14:07 of 3rd period - Stopped by Antero Niittymaki without a rebound.
14:08 of 3rd period - Brad Richardson wins face-off versus Derick Brassard in Demolitions zone.
14:13 of 3rd period - Derick Brassard is hit by Adam Burish and loses puck.
15:06 of 3rd period - Denis Shvidki is hit by Nikolai Zherdev and loses puck.
15:16 of 3rd period - Minor Penalty to Nicolas Blanchard for Holding.
15:17 of 3rd period - Adam Burish wins face-off versus Derick Brassard in Demolitions zone.
16:46 of 3rd period - Josh Beaulieu is hit by Derick Brassard and loses puck.
17:16 of 3rd period - Penalty to Nicolas Blanchard is over, Nicolas Blanchard is back on ice.
17:29 of 3rd period - Wrist shot by Kris Beech.
17:29 of 3rd period - Shot Blocked by Anton Babchuk.
17:31 of 3rd period - Snap shot by Shean Donovan.
17:31 of 3rd period - Deflect By Kris Beech.
17:31 of 3rd period - Shot Blocked by Vladimir Mihalik.
17:31 of 3rd period - Puck is out of play.
17:32 of 3rd period - Kris Beech wins face-off versus Ryan Craig in Demolitions zone.
17:32 of 3rd period - Minor Penalty to Mathieu Roy for Hooking.
17:33 of 3rd period - Brad Richardson wins face-off versus Martin Samuelsson in Spitfire zone.
17:48 of 3rd period - Slapshot by Adam Burish.
17:48 of 3rd period - Stopped by Marc Denis with a rebound.
18:29 of 3rd period - Slapshot by Adam Burish.
18:29 of 3rd period - Shot Blocked by Eric Fehr.
18:31 of 3rd period - Slapshot by Dennis Seidenberg.
18:31 of 3rd period - Stopped by Marc Denis with a rebound.
18:56 of 3rd period - Icing by Adam Burish.
18:57 of 3rd period - Tim Kennedy wins face-off versus Brad Richardson in Demolitions zone.
19:32 of 3rd period - Penalty to Mathieu Roy is over, Mathieu Roy is back on ice.
19:40 of 3rd period - Slapshot by Matt Walker.
19:40 of 3rd period - Shot Misses the Net.
19:42 of 3rd period - Snap shot by Shean Donovan.
19:42 of 3rd period - Stopped by Antero Niittymaki with a rebound.
19:44 of 3rd period - Snap shot by Kris Beech.
19:44 of 3rd period - Deflect By Dennis Seidenberg.
19:44 of 3rd period - Shot Blocked by Andy Rogers.
19:44 of 3rd period - Puck is out of play.
19:45 of 3rd period - Kris Beech wins face-off versus Anthony Stewart in Demolitions zone.
19:54 of 3rd period - Snap shot by Shean Donovan.
19:54 of 3rd period - Shot Blocked by Chris Campoli.
19:56 of 3rd period - Snap shot by Tim Kennedy.
19:56 of 3rd period - Stopped by Antero Niittymaki with a rebound.
19:58 of 3rd period - Snap shot by Shean Donovan.
19:58 of 3rd period - Shot Blocked by Janne Niskala.
Output by the SimonT Hockey Simulator (STHS) for François Prévost -- Original Page W3C XHTML 1.0 Valid